 Dungeon Crawl Stone Soup version 0.32-a0-705-g60f233581c (webtiles) character file.

Game seed: 16984225237606353076

49 ragingrage the Ruffian (level 3, -6/36 HPs)
             Began as an Oni Shapeshifter on Mar 14, 2024.
             Was a Follower of Fedhas.
             Mangled by an iguana (8 damage)
             ... on level 2 of the Dungeon.
             The game lasted 00:01:13 (1176 turns).

ragingrage the Ruffian (Oni Shapeshifter)           Turns: 1176, Time: 00:01:13

Health: -6/36      AC:  3    Str: 20    XL:     3   Next: 75%
Magic:  3/3        EV:  8    Int: 11    God:    Fedhas [*.....]
Gold:   32         SH:  0    Dex:  8    Spells: 2/2 levels left

rFire   + . .        f - +0 flail
rCold   + . .        (no shield)
rNeg    . . .        a - +0 animal skin
rPois   +            (helmet currently unavailable)
rElec   +            (cloak currently unavailable)
rCorr   +            (gloves unavailable)
SInv    .            (boots unavailable)
Will    .....        (no amulet)
Stlth   +            (no ring)
HPRegen 0.26/turn    (no ring)
MPRegen 0.08/turn

%: no passive effects
@: beast-form, resistant
A: beast (slay +1), large, unfitting armour, horns 1, tough skin 1, double
potion healing, drunken brawling
a: Begin Untransformation, Renounce Religion


You were on level 2 of the Dungeon.
You worshipped Fedhas.
Fedhas was aware of your devotion.
You were a hulking beast.
You visited 1 branch of the dungeon, and saw 2 of its levels.

You collected 32 gold pieces.

Inventory:

Hand Weapons
 f - a +0 flail (weapon)
Missiles
 m - 2 throwing nets (quivered)
Armour
 a - a +0 animal skin (worn)
Magical Staves
 e - a staff of alchemy
Talismans
 c - a beast talisman (active)
 d - a flux talisman
Scrolls
 g - a scroll of vulnerability {unknown}
 i - a scroll of immolation {unknown}
 j - 2 scrolls of blinking {unknown}
 k - a scroll of teleportation {unknown}
 l - a scroll of poison {unknown}
Potions
 n - 2 potions of haste {unknown}
 o - a potion of heal wounds {unknown}


   Skills:
 + Level 2.8 Fighting
 + Level 1.0 Maces & Flails
 - Level 1.7 Dodging
 + Level 1.1 Stealth
 - Level 3.1 Unarmed Combat
 - Level 3.0 Shapeshifting


You had 2 spell levels left.
You didn't know any spells.
Your spell library contained the following spells:

 Spells                   Type           Power      Damage    Failure   Level
 Cigotuvi's Dreadful Rot  Necr/Alch/Air  0%         N/A       47%         2
 Dispel Undead            Necr           0%         3d6       98%         4
 Martyr's Knell           Necr/Summ      0%         N/A       98%         4


Dungeon Overview and Level Annotations

Branches:
Dungeon (2/15)

Altars:
Fedhas


Innate Abilities, Weirdness & Mutations

You are a hulking beast.
Your limbs bulge with bestial killing power. (Slay +1)
You are too large for most types of armour.
You have a pair of small horns on your head.
You have tough skin. (AC +1)
You gain doubled healing and magic from potions.
Whenever you drink a healing potion, you attack all around you.


Message History

You kill the frilled lizard!
Fedhas appreciates your contribution to the ecosystem.
No target in view!
You see here a frilled lizard corpse.
n - 2 clear potions You open the door.
There is an open door here.
Found a stone staircase leading down.
No target in view!
There is a stone staircase leading down here.
o - a fizzy purple potion An iguana comes into view.
The iguana hisses angrily.
The iguana bites you!
You hit the iguana but do no damage. The iguana bites you.
The iguana closely misses you.
You sock the iguana!
You headbutt the iguana, but do no damage.
The iguana bites you!
You are too injured to fight recklessly!
You are too injured to fight recklessly!
An iguana is nearby!
An iguana is nearby!
You barely miss the iguana. The iguana bites you.
You hit the iguana but do no damage. The iguana bites you!
* * * LOW HITPOINT WARNING * * *
The iguana bites you.
* * * LOW HITPOINT WARNING * * *
You closely miss the iguana.
The iguana bites you but does no damage.
You take a swig of the potion and twirl your +0 flail.
You hit the iguana but do no damage. Your headbutt misses the iguana.
It was a potion of magic.
Magic courses through your body. The iguana barely misses you.
Unknown command.
It was a potion of resistance.
You feel protected. The iguana bites you!
You die...
Fedhas appreciates your contribution to the ecosystem.

.........# .#
#######.## .#
##'## .# ##...##
.## ##..†..## ..##
##.......#
##...####.........
#l......+.........
#h...# #.........
####.#.##
##.......#
#......# ##.....##
#......# ##...##
#..#.#.# ##'##
#..#.#.#
######.###
#..#.#.#
#..>.....##
#......#
#.........#
#......#
#.###.....#


You could see an iguana.

Vanquished Creatures
  A gnoll (D:1)
  An adder (D:2)
  A ribbon worm (D:2)
  9 ball pythons
  2 bats (D:1)
  4 endoplasms
  A giant cockroach (D:2)
  A hobgoblin (D:2)
  A frilled lizard (D:2)
  3 kobolds
  6 rats
30 creatures vanquished.

Notes
Turn   | Place    | Note
-------+----------+-------------------------------------------
     0 | D:1      | ragingrage the Oni Shapeshifter began the quest for the
                  | Orb.
     0 | D:1      | Reached XP level 1. HP: 19/19 MP: 1/1
    44 | D:1      | Reached XP level 2. HP: 28/28 MP: 2/2
   375 | D:1      | Found a faded altar of an unknown god.
   449 | D:1      | Reached XP level 3. HP: 35/35 MP: 3/3
   467 | D:1      | Prayed at the altar of an unknown god.
   467 | D:1      | Became a worshipper of Fedhas Madash
   467 | D:1      | Reached * piety under Fedhas
   769 | D:2      | Reached skill level 1 in Stealth
   947 | D:2      | Reached skill level 1 in Maces & Flails
  1173 | D:2      | HP: 1/36 [iguana (4)]
  1176 | D:2      | Mangled by an iguana

Illustrated notes

Levels and vault maps discovered:
D:1:      shiori_arrival_maze, layout_basic, nicolae_ecumenical_snake_handling,
          dreamdust_princess_corridor
D:2:      layout_loops_corners, lightli_corner_chamber

Skill      XL: |  1  2  3 |
---------------+----------+-----
Fighting       | 2 |  2.8
Unarmed Combat | 3 |  3.1
Stealth        | 1 |  1.1
Maces & Flails | 1 |  1.0
Dodging        | |  1.7
Shapeshifting  | |  3.0

Action                     || total
---------------------------++-------
  Melee: Unarmed           ||    15
         Headbutt          ||     7
         Flail             ||    50
    Use: Potion            ||     3
   Stab: Sleeping          ||     3
 Armour: Animal skin       ||    40
  Dodge: Dodged            ||    22

Table legend: (Time is in decaauts)
 A = Elapsed time spent in this place.
 B = Non-inter-level travel time spent in this place.
 C = Inter-level travel time spent in this place.
 D = Time resting spent in this place.
 E = Time spent auto-exploring this place.
 F = Levels seen in this place.
 G = Mean time per level.
                   A        B        C        D        E       F      G
               +--------+--------+--------+--------+--------+-----+--------+
         Total |   1195 |   1169 |     26 |    158 |    777 |   2 |  597.5 |
       Dungeon |   1195 |   1169 |     26 |    158 |    777 |   2 |  597.5 |
               +--------+--------+--------+--------+--------+-----+--------+

Top non-repeatable levels by time:
     D:1: 661 daAuts
     D:2: 534 daAuts
